 Dungeon Crawl Stone Soup version 0.25-a0-780-g622e69b31f (webtiles) character file.

Game seed: 7833708493070756090, levelgen mode: deterministic

385 tilp the Ruffian (level 6, 0/52 HPs)
             Began as a Ghoul Necromancer on Apr 14, 2020.
             Was an Initiate of Kikubaaqudgha.
             Slain by an orc wizard
             ... wielding a +2 dagger of flaming
              (3 damage)
             ... on level 5 of the Dungeon.
             The game lasted 00:10:40 (4395 turns).

tilp the Ruffian (Ghoul Necromancer)                Turns: 4395, Time: 00:10:40

Health: 0/52       AC:  3    Str: 12    XL:     6   Next: 77%
Magic:  7/7        EV: 11    Int: 12    God:    Kikubaaqudgha [......]
Gold:   250        SH:  0    Dex:  9    Spells: 3/8 levels left

rFire    . . .     SeeInvis .     - Unarmed
rCold    + . .     Gourm    .   (no shield)
rNeg     + + +     Faith    .   n - +0 leather armour
rPois    ∞         Spirit   .   (no helmet)
rElec    .         Reflect  .   (no cloak)
rCorr    .         Harm     .   (no gloves)
MR       .....                  (no boots)
Stlth    +.........             (no amulet)
HPRegen  0.00/turn              (no ring)
MPRegen  0.10/turn              (no ring)

@: rotting
A: rotting body, claws 1, carnivore, cold resistance 1, negative energy
resistance 3, inhibited regeneration, torment resistance, unbreathing
a: Renounce Religion


You were on level 5 of the Dungeon.
You worshipped Kikubaaqudgha.
Kikubaaqudgha was noncommittal.
You were not hungry.

You visited 1 branch of the dungeon, and saw 5 of its levels.

You collected 250 gold pieces.

Inventory:

Missiles
 e - 265 stones (quivered)
 i - 38 sling bullets
 m - 6 atropa-tipped darts
 o - 7 javelins
Armour
 a - a +0 robe
 n - a +0 leather armour (worn)
 q - a +0 ring mail
Scrolls
 g - a scroll of fear {unknown}
 h - a scroll of teleportation
 k - 2 scrolls of remove curse
 s - a scroll of blinking {unknown}
 t - a scroll of amnesia {unknown}
Potions
 b - a potion of cancellation
 d - 2 potions of might
 f - a potion of invisibility
 j - 2 potions of stabbing {unknown}
 l - a potion of berserk rage {unknown}
 r - a potion of heal wounds {unknown}
 u - a potion of degeneration {unknown}
 v - a potion of flight {unknown}
 w - a potion of curing {unknown}
Comestibles
 c - 10 rations
 p - 2 chunks of flesh


   Skills:
 - Level 4.0 Fighting
 - Level 1.7 Dodging
 - Level 2.1 Stealth
 + Level 5.8 Unarmed Combat
 - Level 1.7 Spellcasting
 - Level 4.0 Necromancy


You had 3 spell levels left.
You knew the following spells:

 Your Spells              Type           Power        Failure   Level  Hunger
a - Pain                  Necr           ##..         7%          1    ##.....
b - Animate Skeleton      Necr           N/A          7%          1    ##.....
c - Vampiric Draining     Necr           ##........   21%         3    ####...

Your spell library contained the following spells:

 Spells                   Type           Power        Failure   Level  Hunger
 Animate Dead             Necr           N/A          56%         4    #####..
 Agony                    Necr           ##......     88%         5    ######.


Dungeon Overview and Level Annotations

Branches:
Dungeon (5/15)
 Temple: D:4-7

Altars:
Fedhas
Gozag
Kikubaaqudgha
Okawaru
Vehumet
Zin

Annotations:
D:4 2 runed translucent doors, Ijyb; balackLT's ghost, amateur TrMo


Innate Abilities, Weirdness & Mutations

Your body is rotting away.
You thrive on raw meat.
You are immune to poison.
You have sharp fingernails.
You are carnivorous and can eat meat at any time.
Your flesh is cold resistant. (rC+)
You are immune to negative energy. (rN+++)
You do not regenerate when monsters are visible.
You are immune to unholy pain and torment.
You can survive without breathing.


Message History

The puff of flame hits you!
* * * LOW HITPOINT WARNING * * *
You miss something. Something hits you.
* * * LOW HITPOINT WARNING * * *
Something burns you.
* * * LOW HITPOINT WARNING * * *
The orc throws a boomerang.
The boomerang hits you.
* * * LOW HITPOINT WARNING * * *
The weapon returns to the orc!
Something hits you.
* * * LOW HITPOINT WARNING * * *
Something burns you.
* * * LOW HITPOINT WARNING * * *
A magic dart appears from out of thin air!
The magic dart hits you.
* * * LOW HITPOINT WARNING * * *
Something hits you.
* * * LOW HITPOINT WARNING * * *
Something burns you.
You die...
Kikubaaqudgha rasps: "You have failed me!
Welcome... oblivion!"

#.......##.. ....####
#..........###.......
#........#.#.#.#...$.
#..........#.#.....#
#......#.........#.##
####..o.o.##.##.....# #
#...###)#...#.###.. ##.
#.#.#...........#.#
##...#.@.###.#...#.###..
.......<.....##.##...)o.
##...##.#.#.........#...
##.# #.#.....#.#...o..#
## #.###.#.#=#.#.####
#<# #...###...# #.#
###.. ..### ..# #.#.#
### ...


You could see an orc.

Vanquished Creatures
  An ice beast (D:5)
  An orc priest (D:4)
  2 orc wizards (D:3)
  An iguana (D:5)
  2 worker ants (D:4)
  An adder (D:2)
  3 gnolls (D:4)
  3 dart slugs
  4 leopard geckos
  14 orcs
  4 goblins
  9 hobgoblins
  11 jackals
  2 quokkas
  2 ball pythons
  9 bats
  4 frilled lizards
  A giant cockroach zombie (D:2)
  2 kobolds (D:1)
  3 rats
79 creatures vanquished.

Vanquished Creatures (collateral kills)
  A worker ant (D:4)
  A goblin (D:1)
  2 jackals
  A ball python (D:4)
  A rat (D:1)
6 creatures vanquished.

Grand Total: 85 creatures vanquished

Notes
Turn   | Place    | Note
-------+----------+-------------------------------------------
     0 | D:1      | tilp the Ghoul Necromancer began the quest for the Orb.
     0 | D:1      | Reached XP level 1. HP: 14/14 MP: 2/2
   155 | D:1      | Learned a level 1 spell: Animate Skeleton
   211 | D:1      | Reached skill level 1 in Unarmed Combat
   299 | D:1      | Reached XP level 2. HP: 9/20 MP: 1/3
   307 | D:1      | Reached skill level 2 in Unarmed Combat
  1055 | D:1      | Reached XP level 3. HP: 18/26 MP: 4/4
  1386 | D:2      | Reached skill level 3 in Unarmed Combat
  1935 | D:2      | Found an opulent altar of Gozag.
  2206 | D:2      | Learned a level 3 spell: Vampiric Draining
  2266 | D:3      | Reached XP level 4. HP: 18/33 MP: 1/5
  2315 | D:3      | Reached skill level 4 in Unarmed Combat
  2618 | D:3      | Reached skill level 1 in Fighting
  2627 | D:3      | Reached XP level 5. HP: 28/41 MP: 6/6
  3259 | D:4      | Noticed Ijyb
  3584 | D:4      | Reached skill level 5 in Unarmed Combat
  3615 | D:4      | Found a runed translucent door.
  3616 | D:4      | Noticed balackLT's ghost (amateur TrMo)
  3706 | D:4      | Found a runed translucent door.
  3840 | D:4      | Reached XP level 6. HP: 51/51 MP: 7/7
  3975 | D:4      | Found a blossoming altar of Fedhas.
  3975 | D:4      | Found an iron altar of Okawaru.
  3975 | D:4      | Found a glowing silver altar of Zin.
  3975 | D:4      | Found an ancient bone altar of Kikubaaqudgha.
  3976 | D:4      | Found a radiant altar of Vehumet.
  3989 | D:4      | Became a worshipper of Kikubaaqudgha
  4254 | D:5      | Entered Level 5 of the Dungeon
  4347 | D:5      | Noticed an ice beast
  4381 | D:5      | Killed an ice beast
  4395 | D:5      | Slain by an orc wizard

Levels and vault maps discovered:
D:1:      lemuel_arrival_tunnels, layout_basic
D:2:      layout_basic, minivault_11, interstate_on_off, serial_bayou_pond_c,
          nicolae_gozag_seed_capital
D:3:      layout_basic, kennysheep_cross_room, fountainhead,
          hangedman_decor_growths
D:4:      layout_loops_corners, minitemple, first_ration, ebering_ghost_sewer_f,
          uniq_ijyb
D:5:      layout_loops_corners, minmay_temple_entry_arrows,
          minmay_fractal_squares_5

Skill      XL: |  1  2  3  4  5  6 |
---------------+-------------------+-----
Unarmed Combat | 1 2 3 4 5 |  5.8
Fighting       | 1 3 4 |  4.0
Dodging        | |  1.7
Stealth        | |  2.1
Spellcasting   | |  1.7
Necromancy     | |  4.0

Action                   |  1- 3 |  4- 6 || total
-------------------------+-------+-------++-------
Melee: Unarmed           |   117 |   181 ||   298
       Punch             |     3 |     1 ||     4
Throw: Stone             |       |     5 ||     5
 Cast: Pain              |    10 |     3 ||    13
       Animate Skeleton  |     9 |    21 ||    30
  Use: Scroll            |     2 |     4 ||     6
 Stab: Sleeping          |     1 |     2 ||     3
       Distracted        |     1 |       ||     1
  Eat: Chunk             |    11 |    27 ||    38
Armor: Robe              |    29 |     6 ||    35
       Leather armour    |       |    26 ||    26
Dodge: Dodged            |    74 |    79 ||   153

Table legend:
 A = Non-vault XP
 B = Vault XP
 C = Vault XP percentage of total XP
 D = Non-vault monster count
 E = Vault monster count
 F = Vault count percentage of total count
                 A         B        C        D         E       F
            +---------+---------+-------+---------+---------+-------
      Total |     503 |      47 |   8.5 |      81 |       4 |   4.7
            +---------+---------+-------+---------+---------+-------
        D:1 |      38 |       0 |   0.0 |      21 |       0 |   0.0
        D:2 |      40 |       0 |   0.0 |      16 |       0 |   0.0
        D:3 |     110 |       0 |   0.0 |      19 |       0 |   0.0
        D:4 |     171 |       0 |   0.0 |      17 |       0 |   0.0
        D:5 |     144 |      47 |  24.6 |       8 |       4 |  33.3
            +---------+---------+-------+---------+---------+-------
